 Dungeon Crawl Stone Soup version 0.28.0-43-g3370ac3207 (webtiles) character file.

Game seed: 1796534785837808255

31337 Ablot the Thaumaturge (level 13, 0/102 HPs)
             Began as a Gnoll Warper on Mar 18, 2022.
             Was an Elder of the Shining One.
             Killed by divine providence
             ... invoked by a meliai
              (16 damage)
             ... on level 14 of the Dungeon.
             The game lasted 01:02:13 (21404 turns).

Ablot the Thaumaturge (Gnoll Warper)               Turns: 21404, Time: 01:02:14

Health: 0/102      AC: 19    Str: 21    XL:     13   Next: 57%
Magic:  24/26      EV: 14    Int: 28    God:    the Shining One [****..]
Gold:   1007       SH:  0    Dex: 16    Spells: 15/31 levels left

rFire   + + +      SeeInvis .   s - +7 lajatang of Order {silver, rMut}
rCold   . . .      Faith    .   (shield currently unavailable)
rNeg    + + +      Spirit   .   w - +1 fire dragon scales "Qorgh" {rF++ rC- Str+6}
rPois   .          Reflect  .   o - +2 hat {Int+3}
rElec   +          Harm     .   X - scarf {rC+ rF+}
rCorr   .          Rampage  .   x - +2 pair of gloves {Dex+3}
rMut    +                       e - +0 pair of boots
Will    +....                   V - amulet of the acrobat
Stlth   +.........              l - ring "Xetout" {rElec rN+ Will+ Int+7}
HPRegen 0.27/turn               u - +6 ring of intelligence
MPRegen 0.20/turn

@: lethally poisoned (0 -> -3), glowing
A: fangs 1, strong nose, distributed training
a: Renounce Religion, Divine Shield, Cleansing Flame


You were on level 14 of the Dungeon.
You worshipped the Shining One.
The Shining One was greatly pleased with you.
You visited 2 branches of the dungeon, and saw 15 of its levels.
You also visited: Ossuary and Bailey.

You collected 1145 gold pieces.
You spent 138 gold pieces at shops.

Inventory:

Hand Weapons
 p - a +4 scimitar of flaming
 s - the +7 lajatang of Order (weapon) {silver, rMut}
   (You found it on level 8 of the Dungeon)

   It inflicts extra damage upon those it strikes, and deals substantially
   increased damage to chaotic, mutated and magically transformed beings.
   rMut:      It protects you from mutation.
Missiles
 b - 12 javelins
 d - 5 boomerangs of dispersal
 f - 4 poisoned darts (quivered)
 h - 264 arrows
 i - 285 stones
 r - 125 sling bullets
 D - 72 bolts
 F - 3 throwing nets
 K - 5 curare-tipped darts
Armour
 e - a +0 pair of boots (worn)
 o - a +2 hat of intelligence (worn)
 w - the +1 fire dragon scales "Qorgh" (worn) {rF++ rC- Str+6}
   (You found it in a bailey)

   Str:       It affects your strength (+6).
   rF:        It greatly protects you from fire.
   rC:        It makes you vulnerable to cold.
 x - a +2 pair of gloves of dexterity (worn)
 W - +0 acid dragon scales
 X - a scarf of resistance (worn)
Jewellery
 l - the ring "Xetout" (left hand) {rElec rN+ Will+ Int+7}
   (You acquired it on level 8 of the Dungeon)

   [ring of willpower]

   Int:       It affects your intelligence (+7).
   rElec:     It insulates you from electricity.
   rN:        It protects you from negative energy.
   Will:      It increases your willpower.
 u - a +6 ring of intelligence (right hand)
 C - a ring of poison resistance
 V - an amulet of the acrobat (around neck)
Wands
 t - a wand of flame (27)
 y - a wand of digging (6)
 I - a wand of iceblast (20)
 R - a wand of polymorph (12)
 Z - a wand of acid (5)
Scrolls
 c - 4 scrolls of blinking
 q - 3 scrolls of fear {unknown}
 A - 3 scrolls of teleportation {unknown}
 B - 3 scrolls of immolation {unknown}
 E - 5 scrolls of magic mapping
 G - 4 scrolls of enchant armour
 J - a scroll of holy word {unknown}
 L - a scroll of summoning {unknown}
 M - 2 scrolls of fog {unknown}
 O - 2 scrolls of amnesia {unknown}
 Q - a scroll of enchant weapon {unknown}
 S - a scroll of torment {unknown}
 T - a scroll of vulnerability {unknown}
 Y - a scroll of silence {unknown}
Potions
 a - 7 potions of mutation
 j - 6 potions of magic
 k - a potion of ambrosia
 n - 3 potions of haste
 v - 2 potions of flight
 z - a potion of berserk rage
 H - a potion of invisibility
 N - 3 potions of might
 P - a potion of brilliance
 U - 3 potions of lignification
Miscellaneous
 g - a box of beasts


   Skills:
 + Level 9.6 Fighting
 + Level 8.4 Short Blades
 + Level 8.4 Long Blades
 + Level 8.4 Axes
 + Level 8.4 Maces & Flails
 + Level 9.6 Polearms
 + Level 8.4 Staves
 + Level 8.4 Slings
 + Level 8.4 Bows
 + Level 8.4 Crossbows
 + Level 8.8 Throwing
 + Level 8.8 Armour
 + Level 9.6 Dodging
 + Level 8.4 Stealth
 + Level 8.4 Shields
 + Level 8.4 Unarmed Combat
 + Level 9.8 Spellcasting
 + Level 7.0 Conjurations
 + Level 7.0 Hexes
 + Level 7.0 Summonings
 + Level 7.0 Necromancy
 + Level 9.0 Translocations
 + Level 7.0 Transmutations
 + Level 7.0 Fire Magic
 + Level 7.0 Ice Magic
 + Level 7.0 Air Magic
 + Level 7.0 Earth Magic
 + Level 7.0 Poison Magic
 + Level 9.2 Invocations
 + Level 8.4 Evocations


You had 15 spell levels left.
You knew the following spells:

 Your Spells              Type           Power      Damage    Failure   Level
a - Blink                 Tloc           100%       N/A       1%          2
b - Ensorcelled Hibernat  Hex/Ice        100%       N/A       1%          2
c - Frozen Ramparts       Ice            100%       1d12      1%          3
d - Mephitic Cloud        Conj/Pois/Air  52%        N/A       1%          3
e - Call Canine Familiar  Summ           52%        N/A       1%          3
f - Gell's Gravitas       Tloc           59%        N/A       1%          3

Your spell library contained the following spells:

 Spells                   Type           Power      Damage    Failure   Level
 Ignite Poison            Fire/Tmut/Pois 52%        N/A       1%          3
 Lesser Beckoning         Tloc           59%        N/A       1%          3
 Portal Projectile        Hex/Tloc       100%       N/A       1%          3
 Spider Form              Tmut/Pois      52%        N/A       1%          3
 Teleport Other           Tloc           59%        N/A       1%          3
 Anguish                  Hex/Necr       26%        N/A       6%          4
 Ice Form                 Ice/Tmut       52%        N/A       6%          4
 Leda's Liquefaction      Hex/Erth       26%        N/A       6%          4
 Summon Ice Beast         Ice/Summ       52%        N/A       6%          4
 Manifold Assault         Tloc           59%        N/A       8%          5
 Freezing Cloud           Conj/Ice/Air   26%        6-21      17%         5


Dungeon Overview and Level Annotations

Branches:
Dungeon (14/15)            Temple (1/1) D:7            Lair (0/6) D:11
    Orc (0/2) D:11        Ossuary (visited)          Bailey (visited)
 Vaults: D:13-14

Altars:
Ashenzari
Cheibriados
Dithmenos
Elyvilon
Fedhas
Gozag
Hepliaklqana
Kikubaaqudgha
Makhleb
Nemelex Xobeh
Okawaru
Qazlal
Ru
Sif Muna
Trog
Uskayaw
Vehumet
Wu Jian
Xom
Yredelemnul
Zin
The Shining One

Shops:
D:1 *   D:7 *

Portals:
Trove: D:11 (give +3 storm dragon scales)

Annotations:
D:6 2 transporters, Ablot's ghost, novice GnWr
D:11 2 runed translucent doors, exclusion: 2 doors, Kaptain's ghost, journeyman GrEE


Innate Abilities, Weirdness & Mutations

You have very sharp teeth.
Your uncanny sense of smell can sniff out nearby items.
Your experience applies equally to all skills.


Message History

* * * LOW HITPOINT WARNING * * *
The meliai barely misses you.
Okay, then.
Blink to where?
Press: ? - help, Dir - move target, p - meliai Your frozen ramparts will break if you move.
Continue?
The frozen ramparts melt away as you move.
As you read the scroll of blinking, it crumbles to dust.
* * * LOW HITPOINT WARNING * * *
You feel very sick.
Unknown command.
You feel much better.
You feel very sick.
The meliai calls down the wrath of its god upon you.
Something smites you!
* * * LOW HITPOINT WARNING * * *
The meliai calls upon its god to heal the meliai.
The meliai is healed somewhat.
Unknown command.
You feel very sick.
You feel sick. The meliai completely misses you. x2
A skeletal warrior comes into view. It is wielding a +0 scimitar.
The meliai calls upon its god to heal the meliai.
The meliai is healed somewhat.
You slice the meliai!!
You kill the meliai!
The Shining One accepts your kill.
You feel better.
You feel your power returning.
You feel sick. The meliai hits you with a +0 hand axe.
* * * LOW HITPOINT WARNING * * *
The meliai stings you.
* * * LOW HITPOINT WARNING * * *
A skeletal warrior comes into view. It is wielding a +0 mace.
You feel sick. The meliai misses you. The meliai completely misses you.
You slash the meliai! You bite the meliai, but do no damage.
The meliai is severely wounded.
You feel sick.
The meliai mumbles some strange prayers to its god against you.
Something smites you!
You die...

# ## ##.. .. .. .. ......## #
.# #.......### ∆
.###.....#.#.##. .....# #.#..#
#. ##.....# #...###..
###......###...<#.#
.#y@...........#.# . #.
#z##z......##....##.
#.##.##.#..##.#........
#...z#....$# #......>. #..#z.
... .. #.....#.. ####.# #..#.#
.... .###...## . .<...# #..#.#
.#.## # ##..#
###########..#)##.#.##.####..#
.............# .........#


You could see 2 skeletal warriors and a meliai.

Vanquished Creatures
  Gastronok (D:11)
  Frances (D:13)
  Snorg (D:11)
  Josephine (D:9)
  Harold (D:8)
  Erica (D:8)
  A death knight (D:13)
  2 hydras (D:13)
  A centaur warrior (D:13)
  3 two-headed ogres
  Urug (D:11)
  9 skeletal warriors
  7 ugly things
  2 orc knights (Bailey)
  3 manticores
  Joseph (D:9)
  An unseen horror (D:12)
  An efreet (D:13)
  A komodo dragon (D:13)
  2 freezing wraiths
  2 meliai (D:14)
  A queen bee (shapeshifter) (D:14)
  2 trolls
  A meliai zombie (D:11)
  A shadow (D:11)
  2 wyverns
  5 wraiths
  8 yaks
  Grum (D:8)
  A basilisk (D:11)
  A steam dragon (D:10)
  6 vampire mosquitoes (D:10)
  2 acid dragons
  7 orc warriors
  2 ice beasts (D:5)
  2 black bears
  2 necrophages
  A sky beast (D:8)
  4 wolves (D:8)
  3 ogres
  4 centaurs
  2 phantoms (D:5)
  A bullfrog (D:7)
  A water moccasin zombie (D:6)
  A scorpion (D:6)
  5 killer bees (D:10)
  3 wights (D:7)
  3 centaur zombies
  3 jellies
  2 hounds
  A centaur skeleton (D:7)
  5 orc priests
  A bullfrog skeleton (D:5)
  Crazy Yiuf (D:2)
  2 gnoll shamans
  Terence (D:2)
  4 iguanas
  11 orc wizards
  5 mummies (Ossuary)
  Robin (D:2)
  5 adders
  13 gnolls
  A white imp (D:7)
  An ufetubus (D:7)
  An adder skeleton (D:4)
  A worm (D:4)
  2 dart slugs
  42 orcs
  7 ball pythons
  8 bats
  A bat zombie (D:5)
  5 endoplasms
  A giant cockroach (D:4)
  2 gnoll zombies (Ossuary)
  15 goblins
  9 hobgoblins
  2 jackals (D:2)
  6 kobolds
  3 quokkas
  3 frilled lizards
  4 goblin zombies (Ossuary)
  A hobgoblin zombie (Ossuary)
  An orc zombie (Ossuary)
  2 quokka zombies (D:6)
  A rat (D:2)
  3 rat zombies (D:5)
292 creatures vanquished.

Vanquished Creatures (collateral kills)
  Sonja (D:10)
  A skeletal warrior (D:12)
  3 yaks (D:10)
5 creatures vanquished.

Vanquished Creatures (others)
  5 fungi (D:8)
5 creatures vanquished.

Grand Total: 302 creatures vanquished

Notes
Turn   | Place    | Note
-------+----------+-------------------------------------------
     0 | D:1      | Ablot the Gnoll Warper began the quest for the Orb.
     0 | D:1      | Reached XP level 1. HP: 20/20 MP: 6/6
   163 | D:1      | Reached XP level 2. HP: 18/26 MP: 7/7
   166 | D:1      | Learned a level 2 spell: Blink
   791 | D:1      | Reached skill level 5 in Spellcasting
   791 | D:1      | Reached XP level 3. HP: 31/31 MP: 7/9
   863 | D:1      | Found Oberon's Assorted Antiques.
   993 | D:1      | Bought a silvery potion for 15 gold pieces
  1028 | D:1      | Found a faded altar of an unknown god.
  1281 | D:1      | Reached skill level 1 in Invocations
  1528 | D:2      | Noticed Robin
  1573 | D:1      | Reached skill level 1 in Short Blades
  1573 | D:1      | Reached skill level 1 in Long Blades
  1573 | D:1      | Reached skill level 1 in Axes
  1573 | D:1      | Reached skill level 1 in Maces & Flails
  1573 | D:1      | Reached skill level 1 in Staves
  1573 | D:1      | Reached skill level 1 in Slings
  1573 | D:1      | Reached skill level 1 in Bows
  1573 | D:1      | Reached skill level 1 in Crossbows
  1573 | D:1      | Reached skill level 1 in Stealth
  1573 | D:1      | Reached skill level 1 in Shields
  1573 | D:1      | Reached skill level 1 in Unarmed Combat
  1573 | D:1      | Reached skill level 1 in Evocations
  1927 | D:2      | Killed Robin
  1928 | D:2      | Reached XP level 4. HP: 17/38 MP: 11/11
  2542 | D:2      | Noticed Terence
  2560 | D:2      | Killed Terence
  2561 | D:2      | Reached skill level 1 in Conjurations
  2561 | D:2      | Reached skill level 1 in Hexes
  2561 | D:2      | Reached skill level 1 in Summonings
  2561 | D:2      | Reached skill level 1 in Necromancy
  2561 | D:2      | Reached skill level 1 in Transmutations
  2561 | D:2      | Reached skill level 1 in Fire Magic
  2561 | D:2      | Reached skill level 1 in Ice Magic
  2561 | D:2      | Reached skill level 1 in Air Magic
  2561 | D:2      | Reached skill level 1 in Earth Magic
  2561 | D:2      | Reached skill level 1 in Poison Magic
  2783 | D:2      | Found a runed translucent door.
  2784 | D:2      | Noticed Crazy Yiuf
  2792 | D:2      | Killed Crazy Yiuf
  2793 | D:2      | Reached XP level 5. HP: 34/43 MP: 12/12
  3080 | D:1      | Bought a large diamond ring for 85 gold pieces
  4339 | D:4      | Reached XP level 6. HP: 43/50 MP: 13/13
  4527 | D:4      | Found a hazy altar of Hepliaklqana.
  4527 | D:4      | Noticed a necrophage
  4553 | D:4      | Killed a necrophage
  4554 | D:4      | Reached skill level 5 in Fighting
  4554 | D:4      | Reached skill level 5 in Polearms
  4554 | D:4      | Reached skill level 5 in Dodging
  4630 | D:4      | Found an ornate altar of the Wu Jian Council.
  4937 | D:4      | Reached XP level 7. HP: 37/56 MP: 15/15
  5259 | D:5      | Entered Level 5 of the Dungeon
  5594 | D:5      | Learned a level 2 spell: Ensorcelled Hibernation
  6056 | D:5      | Found an ancient bone altar of Kikubaaqudgha.
  6340 | D:5      | Reached XP level 8. HP: 33/63 MP: 16/16
  6727 | D:6      | Noticed an ancient zyme
  6753 | D:6      | Noticed a smoke demon
  6753 | D:6      | Found a transporter.
  6755 | D:6      | Noticed a raiju
  6968 | D:6      | Found a sand-covered staircase.
  6977 | Ossuary  | Entered an ossuary
  7558 | D:6      | Noticed Ablot's ghost (novice GnWr)
  8178 | D:6      | Found a transporter.
  8373 | D:7      | Found a glowing golden altar of the Shining One.
  8453 | D:7      | Became a worshipper of the Shining One
  8501 | D:7      | Reached XP level 9. HP: 69/69 MP: 18/18
  8573 | D:7      | Found a glowing silver altar of Zin.
  8659 | D:7      | Found a staircase to the Ecumenical Temple.
  8679 | Temple   | Entered the Ecumenical Temple
  9229 | D:7      | Found Iteurux's Assorted Antiques.
  9286 | D:7      | Bought a scroll labelled TIGARH DOAPP for 19 gold pieces
  9286 | D:7      | Bought a scroll labelled OGGOSE WULLODU for 19 gold pieces
  9409 | D:7      | Identified the +1 leather armour of Misanthropy {*Corrode
                  | Fly rElec MP-9}
 10214 | D:8      | Found the +7 lajatang of Order {silver, rMut}
 10292 | D:8      | Reached * piety under the Shining One
 10304 | D:8      | Reached skill level 5 in Throwing
 10304 | D:8      | Reached skill level 5 in Armour
 10324 | D:8      | Found a shadowy altar of Dithmenos.
 10468 | D:8      | Found a flagged portal.
 10500 | Bailey   | Entered a bailey
 10820 | Bailey   | Noticed an orc knight
 10820 | Bailey   | Noticed an orc knight
 10850 | Bailey   | Reached skill level 5 in Invocations
 10876 | Bailey   | Killed an orc knight
 10918 | Bailey   | Killed an orc knight
 10919 | Bailey   | Reached skill level 5 in Short Blades
 10919 | Bailey   | Reached skill level 5 in Long Blades
 10919 | Bailey   | Reached skill level 5 in Axes
 10919 | Bailey   | Reached skill level 5 in Maces & Flails
 10919 | Bailey   | Reached skill level 5 in Staves
 10919 | Bailey   | Reached skill level 5 in Slings
 10919 | Bailey   | Reached skill level 5 in Bows
 10919 | Bailey   | Reached skill level 5 in Crossbows
 10919 | Bailey   | Reached skill level 5 in Stealth
 10919 | Bailey   | Reached skill level 5 in Shields
 10919 | Bailey   | Reached skill level 5 in Unarmed Combat
 10919 | Bailey   | Reached skill level 5 in Evocations
 10919 | Bailey   | Reached XP level 10. HP: 28/77 MP: 20/20
 11267 | Bailey   | Identified the +1 fire dragon scales "Qorgh" {rF++ rC-
                  | Str+6}
 11508 | D:8      | Noticed Harold
 11547 | D:8      | Killed Harold
 11724 | D:8      | Noticed Erica
 11732 | D:8      | Killed Erica
 11744 | D:8      | Identified a scroll of acquirement
 11744 | D:8      | Acquired the ring "Xetout" {rElec rN+ Will+ Int+7}
 11855 | D:8      | Found a white marble altar of Elyvilon.
 11855 | D:8      | Noticed Grum
 11864 | D:8      | Killed Grum
 12519 | D:9      | Found an iron altar of Okawaru.
 12519 | D:9      | Found a snail-covered altar of Cheibriados.
 12748 | D:9      | Noticed a two-headed ogre
 12762 | D:9      | Killed a two-headed ogre
 12763 | D:9      | Reached XP level 11. HP: 77/84 MP: 18/22
 12855 | D:9      | Noticed Joseph
 12865 | D:9      | Killed Joseph
 13185 | D:10     | Entered Level 10 of the Dungeon
 13223 | D:10     | Noticed Josephine
 13232 | D:9      | Killed Josephine
 13233 | D:9      | Reached skill level 5 in Conjurations
 13233 | D:9      | Reached skill level 5 in Hexes
 13233 | D:9      | Reached skill level 5 in Summonings
 13233 | D:9      | Reached skill level 5 in Necromancy
 13233 | D:9      | Reached skill level 5 in Transmutations
 13233 | D:9      | Reached skill level 5 in Fire Magic
 13233 | D:9      | Reached skill level 5 in Ice Magic
 13233 | D:9      | Reached skill level 5 in Air Magic
 13233 | D:9      | Reached skill level 5 in Earth Magic
 13233 | D:9      | Reached skill level 5 in Poison Magic
 13582 | D:10     | Reached ** piety under the Shining One
 13795 | D:10     | Noticed Sonja
 13808 | D:10     | HP: 1/86 [yak (11)]
 13812 | D:10     | Killed Sonja
 14455 | D:10     | Found a sacrificial altar of Ru.
 14628 | D:11     | Found a large runed translucent door.
 14628 | D:11     | Found a large runed translucent door.
 14640 | D:11     | Noticed Kaptain's ghost (journeyman GrEE)
 14653 | D:11     | Found a portal to a secret trove of treasure.
 14755 | D:11     | Noticed Snorg
 14766 | D:11     | Killed Snorg
 14767 | D:11     | Reached XP level 12. HP: 69/94 MP: 24/24
 14942 | D:11     | Noticed Urug
 14955 | D:11     | Killed Urug
 14994 | D:11     | Found a staircase to the Orcish Mines.
 15029 | D:11     | Learned a level 3 spell: Frozen Ramparts
 15033 | D:11     | Learned a level 3 spell: Mephitic Cloud
 15037 | D:11     | Learned a level 3 spell: Call Canine Familiar
 15050 | D:11     | Found a staircase to the Lair.
 15211 | D:11     | Reached *** piety under the Shining One
 15217 | D:11     | You fall into a shaft and drop 2 floors!
 15217 | D:13     | Noticed a seven-headed hydra
 15218 | D:13     | Noticed a two-headed ogre
 15229 | D:13     | Noticed a four-headed hydra
 15238 | D:13     | Killed a four-headed hydra
 15238 | D:13     | Killed an eight-headed hydra
 15239 | D:13     | Killed a two-headed ogre
 15582 | D:13     | Noticed a centaur warrior
 15594 | D:13     | Killed a centaur warrior
 15900 | D:11     | HP: 3/94 [skeletal warrior/+3 hand axe[a skeletal warrior]
                  | (12)]
 16222 | D:11     | Noticed Gastronok
 16235 | D:11     | Killed Gastronok
 17262 | D:12     | Reached XP level 13. HP: 81/101 MP: 26/26
 18538 | D:13     | Identified the +5 quarterstaff "Pupry" {flame, MP+9}
 18822 | D:13     | HP: 3/101 [death knight/+3 battleaxe of venom (23)]
 18859 | D:13     | HP: 2/101 [skeletal warrior/+0 broad axe[a death knight]
                  | (18)]
 20106 | D:13     | Noticed Frances
 20119 | D:13     | Killed Frances
 21168 | D:14     | Learned a level 3 spell: Gell's Gravitas
 21219 | D:14     | Reached **** piety under the Shining One
 21404 | D:14     | Killed from afar by a meliai

Illustrated notes

Levels and vault maps discovered:
D:1:      dpeg_arrival_tiny_h, layout_basic, chequers_ecumenical_altar_twisty,
          serial_shops, shop, minmay_crystal_room
D:2:      layout_basic, minmay_pentomino_z2, uniq_robin, uniq_terence,
          uniq_crazy_yiuf_cottage
D:3:      layout_basic
D:4:      layout_loops_corners, overflow_temple_1_default,
          mainiacjoe_overflow_brackets
D:5:      layout_cave_pools, lemuel_zombie_altar_kikubaaqudgha
D:6:      layout_cave_pools, gammafunk_ghost_abyssal_escape, enter_ossuary_4,
          dk_vineyard_3
D:7:      layout_basic, mainiacjoe_overflow_alcove_2, old_standard_altar,
          minmay_temple_entry_offerings, serial_shops, nicolae_shop_statue_plus
D:8:      layout_basic, grunt_dithmenos_smoke_and_mirrors,
          mainiacjoe_overflow_alcove_4, enter_bailey_2, uniq_grum, uniq_harold,
          uniq_erica
D:9:      layout_roguey, mainiacjoe_overflow_divided_tiny, uniq_joseph
D:10:     layout_basic, marbit_many_paths, uniq_josephine, uniq_sonja
D:11:     layout_gridville, david_lair_generic, enter_trove_2,
          ebering_ghost_disaster_area, uniq_urug, uniq_gastronok, uniq_snorg
D:12:     layout_irregular_city, kennysheep_dice
D:13:     layout_basic, serial_glass, glass_columns_a, glass_columns_a,
          uniq_frances
D:14:     layout_loops_ring, david_vaults_2, kennysheep_small_spiral
Temple:   nicolae_temple_hex_pool

Skill      XL: |  1  2  3  4  5  6  7  8  9 10 11 12 13 |
---------------+----------------------------------------+-----
Spellcasting   | 5 6 7 8 9 |  9.8
Invocations    | 1 2 3 4 5 6 7 8 9 |  9.2
Short Blades   | 1 2 3 5 6 7 8 |  8.4
Long Blades    | 1 2 3 5 6 7 8 |  8.4
Axes           | 1 2 3 5 6 7 8 |  8.4
Maces & Flails | 1 2 3 5 6 7 8 |  8.4
Staves         | 1 2 3 5 6 7 8 |  8.4
Slings         | 1 2 3 5 6 7 8 |  8.4
Bows           | 1 2 3 5 6 7 8 |  8.4
Crossbows      | 1 2 3 5 6 7 8 |  8.4
Stealth        | 1 2 3 5 6 7 8 |  8.4
Shields        | 1 2 3 5 6 7 8 |  8.4
Unarmed Combat | 1 2 3 5 6 7 8 |  8.4
Evocations     | 1 2 3 5 6 7 8 |  8.4
Conjurations   | 1 2 3 4 5 6 7 |  7.0
Hexes          | 1 2 3 4 5 6 7 |  7.0
Summonings     | 1 2 3 4 5 6 7 |  7.0
Necromancy     | 1 2 3 4 5 6 7 |  7.0
Transmutations | 1 2 3 4 5 6 7 |  7.0
Fire Magic     | 1 2 3 4 5 6 7 |  7.0
Ice Magic      | 1 2 3 4 5 6 7 |  7.0
Air Magic      | 1 2 3 4 5 6 7 |  7.0
Earth Magic    | 1 2 3 4 5 6 7 |  7.0
Poison Magic   | 1 2 3 4 5 6 7 |  7.0
Throwing       | 3 4 5 6 7 8 |  8.8
Armour         | 3 4 5 6 7 8 |  8.8
Fighting       | 5 6 7 8 9 |  9.6
Polearms       | 5 6 7 8 9 |  9.6
Dodging        | 5 6 7 8 9 |  9.6
Translocations | 6 7 8 9 |  9.0

Action                   |  1- 3 |  4- 6 |  7- 9 | 10-12 | 13-15 || total
-------------------------+-------+-------+-------+-------+-------++-------
Melee: Spear             |    65 |       |    25 |       |       ||    90
       Bite              |    16 |    18 |    74 |    38 |    19 ||   165
       Whip              |    88 |   138 |    76 |       |       ||   302
       Punch             |     2 |     6 |    11 |       |     1 ||    20
       Trident           |       |       |   123 |       |       ||   123
       Dagger            |       |       |   127 |       |       ||   127
       Mace              |       |       |    25 |       |       ||    25
       Falchion          |       |       |    33 |       |       ||    33
       Lajatang          |       |       |    71 |   265 |   100 ||   436
       Scimitar          |       |       |       |       |     8 ||     8
Throw: Stone             |       |     6 |       |       |       ||     6
       Boomerang         |       |     5 |    83 |       |       ||    88
       Dart              |       |       |     4 |    27 |     3 ||    34
       Javelin           |       |       |     2 |    22 |       ||    24
 Cast: Blink             |       |       |     2 |     5 |     3 ||    10
       Ensorcelled Hiber |       |       |       |     1 |       ||     1
       Frozen Ramparts   |       |       |       |     3 |     4 ||     7
       Call Canine Famil |       |       |       |     2 |     2 ||     4
       Mephitic Cloud    |       |       |       |       |     2 ||     2
       Gell's Gravitas   |       |       |       |       |     1 ||     1
Invok: Divine Shield     |       |       |     1 |     3 |     1 ||     5
Evoke: Wand              |       |       |       |     2 |       ||     2
       Box of beasts     |       |       |       |     1 |       ||     1
  Use: Scroll            |       |       |     9 |     5 |     3 ||    17
       Potion            |       |       |       |     4 |     5 ||     9
 Stab: Sleeping          |     1 |     2 |     6 |       |       ||     9
Armor: Leather armour    |    53 |    40 |   144 |       |       ||   237
       Ring mail         |       |       |    30 |     1 |       ||    31
       Fire dragon scale |       |       |       |   154 |    32 ||   186
       Acid dragon scale |       |       |       |       |     2 ||     2
Dodge: Dodged            |   115 |    82 |   351 |   188 |    70 ||   806
Block: Other             |       |       |     3 |     8 |     2 ||    13
